 Dungeon Crawl Stone Soup version 0.20.0-8-g6b59dc7 (webtiles) character file.

154 miragecloak the Changer (level 5, 0/33 HPs)
             Began as an Octopode Transmuter on June 2, 2017.
             Succumbed to an adder's poison
             ... on level 4 of the Dungeon.
             The game lasted 00:02:28 (3098 turns).

miragecloak the Changer (Octopode Transmuter)       Turns: 3098, Time: 00:02:28

Health: 0/33       AC:  2    Str:  9    XL:     5   Next: 35%
Magic:  4/8        EV: 20    Int: 15    God:
Gold:   142        SH:  0    Dex: 19    Spells: 4/8 levels left

rFire    . . .     SeeInvis .     - Unarmed
rCold    . . .     Gourm    .   (shield currently unavailable)
rNeg     . . .     Faith    .   (helmet currently unavailable)
rPois    x         Spirit   .   (no amulet)
rElec    .         Reflect  .   (no ring)
rCorr    .         Harm     .   (no ring)
MR       .....                  (no ring)
Stlth    ++........             (no ring)
Regen    0.2/turn               (no ring)
MPRegen  0.2/turn               (no ring)
                                (no ring)
                                (no ring)

@: lethally poisoned (0 -> -7), spider-form
A: almost no armour, stealthy swim, (amphibious), 8 rings, (constrict 8)
a: End Transformation


You were on level 4 of the Dungeon.
You were not hungry.
You were a venomous arachnid creature.
You visited 1 branch of the dungeon, and saw 4 of its levels.

You collected 142 gold pieces.

Inventory:

Missiles
 a - 32 arrows
Armour
 d - a +1 hat (melded)
Jewellery
 r - an uncursed ring of ice {unknown}
 u - a +5 ring of strength {unknown}
 v - an uncursed ring of protection from fire {unknown}
Scrolls
 f - a scroll of enchant weapon {unknown}
 g - 2 scrolls of amnesia {unknown}
 h - a scroll of immolation {unknown}
 j - 5 scrolls of identify {unknown}
 k - a scroll of teleportation {unknown}
 p - a scroll of blinking {unknown}
 q - a scroll of magic mapping {unknown}
Potions
 e - 2 potions of curing {unknown}
 i - a potion of heal wounds {unknown}
 l - 2 potions of magic {unknown}
 m - 2 potions of flight {unknown}
 n - 2 potions of lignification {unknown}
 s - a potion of haste {unknown}
Books
 b - a book of Changes

   Spells                             Type                      Level
   a - Beastly Appendage              Transmutation                1
   b - Sticks to Snakes               Transmutation                2
   c - Spider Form                    Transmutation/Poison         3
   d - Ice Form                       Ice/Transmutation            4
   e - Blade Hands                    Transmutation                5
Comestibles
 c - 3 bread rations
 o - a royal jelly
 t - 2 chunks of flesh


   Skills:
 - Level 1.0 Fighting
 - Level 2.0 Dodging
 - Level 3.0 Unarmed Combat
 - Level 2.0 Spellcasting
 + Level 4.6 Transmutations
 * Level 3.0 Poison Magic


You had 4 spell levels left.
You knew the following spells:

 Your Spells              Type           Power        Failure   Level  Hunger
a - Beastly Appendage     Tmut           ###...       11%         1    #......
b - Spider Form           Tmut/Pois      ##........   32%         3    ###....


Dungeon Overview and Level Annotations

Branches:
Dungeon (4/15)
 Temple: D:4-7

Altars:
The Shining One


Innate Abilities, Weirdness & Mutations

You cannot wear most types of armour.
You are very stealthy in the water. (Stealth+)
((You are amphibious.))
You can wear up to eight rings at the same time.
((You can use your tentacles to constrict eight enemies at once.))
((Your skin changes colour to match your surroundings (Stealth+).))
((Your rubbery body absorbs attacks. (AC +1, EV +1)))


Message History

Your +1 hat melds into your body.
You feel sick. The adder misses you. x2
You barely miss the adder.
The adder is almost dead.
You feel sick.
You kill the adder!
Your Poison Magic skill increases to level 3!
The ogre barely misses you.
You hit the ogre.
The ogre is poisoned.
The ogre is lightly wounded.
You feel sick.
You feel sick.
You feel sick.
You feel sick.
You feel sick.
You feel sick.
You hit the ogre.
The ogre looks as sick as possible!
The ogre is heavily wounded.
The ogre hits you with a giant club!
* * * LOW HITPOINT WARNING * * *
You die...

###### #....# #....#
#####....#
.........####
#####.......# ####
#.......# ##>...
#....#..########..<#
##..#.s.O....†...##
#..#..########$...#
##.#..## #)...#
#..#.## #....#
##.##.# #....#
#.....# #....# #.
#..>### #....#
#..##.### #.....
#....(.## #....##


You could see an ogre.

Vanquished Creatures
  An orc wizard (D:3)
  5 adders
  An adder skeleton (D:4)
  2 worms (D:2)
  2 dart slugs (D:1)
  3 leopard geckos
  5 orcs
  2 ball pythons
  2 giant cockroaches (D:1)
  3 hobgoblins
  6 jackals
  3 kobolds
  8 bats
  2 frilled lizards (D:2)
  7 goblins
  7 rats
59 creatures vanquished.

Notes
Turn   | Place    | Note
-------+----------+-------------------------------------------
     0 | D:1      | miragecloak the Octopode Transmuter began the quest for the Orb.
     0 | D:1      | Reached XP level 1. HP: 13/13 MP: 3/3
   374 | D:1      | Reached XP level 2. HP: 18/18 MP: 1/5
   591 | D:1      | Reached skill level 3 in Transmutations
   915 | D:1      | Reached XP level 3. HP: 16/23 MP: 4/6
   920 | D:1      | Learned a level 3 spell: Spider Form
  1050 | D:2      | Reached skill level 1 in Poison Magic
  1719 | D:3      | Reached XP level 4. HP: 28/28 MP: 2/7
  1924 | D:3      | Reached skill level 4 in Transmutations
  2145 | D:3      | Found a glowing golden altar of the Shining One.
  2689 | D:3      | Reached XP level 5. HP: 33/33 MP: 4/8
  3076 | D:4      | Noticed an ogre
  3097 | D:4      | HP: 1/33 [ogre/giant club (12)]
  3098 | D:4      | Succumbed to an adder's poison

Skill      XL: |  1  2  3  4  5 |
---------------+----------------+-----
Transmutations | 3 4 |  4.6
Poison Magic   | 1 2 3 |  3.0
Fighting       | |  1.0
Dodging        | |  2.0
Unarmed Combat | |  3.0
Spellcasting   | |  2.0

Action                   |  1- 3 |  4- 6 || total
-------------------------+-------+-------++-------
Melee: Unarmed           |   103 |    71 ||   174
       Constrict         |    15 |     1 ||    16
       Kick              |    14 |       ||    14
       Tentacles         |     4 |     2 ||     6
       Punch             |     1 |       ||     1
 Cast: Beastly Appendage |    16 |       ||    16
       Spider Form       |    11 |    17 ||    28
 Stab: Sleeping          |     3 |     1 ||     4
  Eat: Chunk             |     4 |     7 ||    11
Armor: Skin              |    16 |     3 ||    19
Dodge: Dodged            |    82 |    78 ||   160
